 Dungeon Crawl Stone Soup version 0.28.0-43-g3370ac3207 (console) character file.

Game seed: 693443905631127295

1705 Zeor the Stinger (level 9, -1/43 HPs)
             Began as a Gargoyle Venom Mage on Mar 28, 2022.
             Was an Initiate of Vehumet.
             Slain by Harold
             ... wielding a +0 war axe
              (18 damage)
             ... on level 7 of the Dungeon on Mar 29, 2022.
             The game lasted 00:31:20 (8289 turns).

Zeor the Stinger (Gargoyle Venom Mage)              Turns: 8289, Time: 00:31:20

Health: -1/43      AC: 16    Str: 16 (17) XL:     9   Next: 3%
Magic:  5/17       EV: 12    Int: 21      God:    Vehumet [......]
Gold:   279        SH:  0    Dex:  9 (10) Spells: 9/19 levels left

rFire   . . .      SeeInvis .   a - +0 rapier (elec)
rCold   . . .      Faith    .   (no shield)
rNeg    + . .      Spirit   .   f - +1 robe {Will+}
rPois   ∞          Reflect  .   j - +0 helmet
rElec   +          Harm     .   (no cloak)
rCorr   .          Rampage  .   e - +1 pair of gloves
Will    +....                   (no boots)
Stlth   ++........              (no amulet)
HPRegen 0.14/turn               b - +4 ring of protection
MPRegen 0.15/turn               i - +6 ring of strength

@: radiating poison
A: sickness immunity, AC +6, negative energy resistance 1, electricity
resistance, torment resistance 1, petrification resistance, deterioration 1,
frail 1
a: Renounce Religion


You were on level 7 of the Dungeon.
You worshipped Vehumet.
Vehumet was noncommittal.
You visited 2 branches of the dungeon, and saw 8 of its levels.

You collected 363 gold pieces.
You spent 84 gold pieces at shops.

Inventory:

Hand Weapons
 a - a +0 rapier of electrocution (weapon)
 c - a +0 short sword
 m - a +3 dagger
 q - a +0 mace of holy wrath
 s - a +2 dagger of speed
 t - a +1 great sword of freezing
Missiles
 g - 97 arrows
Armour
 e - a +1 pair of gloves (worn)
 f - a +1 robe of willpower (worn)
 j - a +0 helmet (worn)
Jewellery
 b - a +4 ring of protection (left hand)
 i - a +6 ring of strength (right hand)
 o - an amulet of faith
Wands
 l - a wand of mindburst (7)
Scrolls
 k - 2 scrolls of teleportation
Potions
 d - 3 potions of attraction
 h - a potion of curing
 n - 2 potions of resistance
 p - a potion of haste {unknown}
 r - a potion of flight {unknown}


   Skills:
 + Level 2.2 Fighting
 + Level 3.2 Short Blades
 + Level 3.2 Dodging
 + Level 4.1 Stealth
 + Level 5.7 Spellcasting
 + Level 1.2 Conjurations
 + Level 2.8 Transmutations
 + Level 1.9 Air Magic
 + Level 6.0 Poison Magic


You had 9 spell levels left.
You knew the following spells:

 Your Spells              Type           Power      Damage    Failure   Level
a - Sting                 Tmut/Pois      96%        1d7       1%          1
b - Poisonous Vapours     Pois/Air       44%        N/A       3%          2
c - Mephitic Cloud        Conj/Pois/Air  18%        N/A       9%          3
d - Olgreb's Toxic Radia  Pois           31%        N/A       9%          4

Your spell library contained the following spells:

 Spells                   Type           Power      Damage    Failure   Level
 Pain                     Necr           24%        1d5       10%         1
 Agony                    Necr           6%         N/A       95%         5
 Excruciating Wounds      Necr           3%         N/A       95%         5


Dungeon Overview and Level Annotations

Branches:
Dungeon (7/15)             Temple (1/1) D:5

Altars:
Ashenzari
Cheibriados
Elyvilon
Fedhas
Gozag
Hepliaklqana
Kikubaaqudgha
Nemelex Xobeh
Okawaru
Qazlal
Ru
Sif Muna
Trog
Uskayaw
Vehumet
Wu Jian
Xom
Yredelemnul
Zin

Shops:
D:4 *

Annotations:
D:7 Harold


Innate Abilities, Weirdness & Mutations

You are immune to sickness and miasma.
Your stone body is resilient. (AC +6)
You are immune to poison.
You resist negative energy. (rN+)
You are resistant to electric shocks. (rElec)
You are resistant to unholy torment.
You are immune to petrification.
Your body sometimes deteriorates upon taking damage.
You are frail. (-10% HP)


Message History

Harold is moderately wounded.
The stinking cloud engulfs you but does no damage.
Harold is engulfed in noxious fumes.
Harold appears confused.
You hit Harold but do no damage.
Harold is moderately wounded.
You hit Harold.
Harold is moderately wounded.
Harold shouts, "What's happening?!"
Harold hits you with a +0 war axe!
Your body deteriorates!
You feel weakened.
Casting: Mephitic Cloud (dangerous; 9% risk of failure)
Confirm with . or Enter, or press ? or * to list all spells.
The spell is quite dangerous to miscast (9% risk of failure)!
Continue anyway?
You begin to radiate toxic energy.
Harold is poisoned.
Harold looks even sicker.
Your toxic aura wanes.
Harold says, "I'm a little confused."
Harold hits you but does no damage.
Casting: Olgreb's Toxic Radiance (quite dangerous; 9% risk of failure)
Confirm with . or Enter, or press ? or * to list all spells.
Aiming: Poisonous Vapours (safe; 3% risk of failure)
Press: ? - help, Dir - move target, f/p - Harold
Aim: Harold, wielding a +0 war axe, wearing a +0 scale mail and quivering 2 throwing nets (heavily wounded, confused, very poisoned) Poisonous vapours surround Harold!
Harold looks as sick as possible!
The orc shouts!
Harold seems less confused.
Harold hits you but does no damage. The orc hits you but does no damage.
You hit the orc.
The orc is almost dead.
Harold barely misses you. The orc closely misses you.
Harold hits you with a +0 war axe!
Your body deteriorates!
You feel clumsy.
Casting: Poisonous Vapours (safe; 3% risk of failure)
Confirm with . or Enter, or press ? or * to list all spells.
The spell is quite dangerous to miscast (9% risk of failure)!
Continue anyway?
You begin to radiate toxic energy.
You kill the orc!
Vehumet accepts your kill. Harold hits you with a +0 war axe!!
You die...

▒▒▒ ▒▒∙▒ ▒ ▒∙∙ ∙∙▒ ∙∙∙
▒∙▒ ▒∙▒ ∙∙ ∙▒▒▒
▒∙▒▒▒▒▒▒▒▒▒∙▒▒▒▒ ∙∙ ∙∙∙
▒▒∙∙∙∙∙∙∙∙∙∙∙∙∙∙▒
▒∙▒▒∙▒▒∙∙▒▒▒∙▒▒▒▒[▒▒▒∙▒
▒∙∙∙∙∙▒∙∙∙▒▒∙▒▒∙∙∙▒ ▒∙▒
▒∙∙∙)@∙?∙∙▒▒∙▒▒▒ ▒∙▒
▒▒∙▒9▒∙▒▒▒▒▒∙▒ ▒<▒
▒∙▒∙∙∙▒▒▒ ▒∙▒ ▒▒▒
▒∙▒▒▒∙∙∙▒ ▒∙▒
▒▒▒▒▒▒∙▒▒▒▒▒∙▒▒▒∙▒▒▒▒▒▒▒▒


∙∙∙∙∙∙∙∙∙∙∙∙∙∙∙∙∙∙∙∙∙∙∙∙∙> ▒▒▒▒▒∙▒∙▒▒▒▒▒∙∙∙∙∙▒▒▒▒▒▒▒▒ ▒∙▒∙∙∙∙∙∙∙∙∙∙∙∙▒ ▒
▒▒▒∙▒▒∙∙∙∙∙∙∙▒ ▒∙∙∙∙∙∙∙▒ You could see Harold (very poisoned).

Vanquished Creatures
  A hornet (D:4)
  Sigmund (D:2)
  A water moccasin (D:6)
  A sky beast (D:4)
  A centaur (D:6)
  2 ogres
  A gnoll sergeant (D:6)
  A wyvern zombie (D:6)
  3 scorpions
  A howler monkey (D:4)
  A bullfrog zombie (D:5)
  2 hounds (D:5)
  A jelly (D:6)
  3 orc priests
  3 iguanas
  2 orc wizards (D:6)
  Robin (D:3)
  5 adders
  6 gnolls
  A white imp (D:6)
  3 worms
  2 dart slugs (D:4)
  16 orcs
  9 ball pythons
  A bat (D:1)
  9 endoplasms
  A giant cockroach (D:2)
  6 hobgoblins
  11 kobolds
  4 quokkas
  4 frilled lizards
  18 goblins
  4 rats
126 creatures vanquished.

Vanquished Creatures (others)
  A withered plant (D:3)
1 creature vanquished.

Grand Total: 127 creatures vanquished

Notes
Turn   | Place    | Note
-------+----------+-------------------------------------------
     0 | D:1      | Zeor the Gargoyle Venom Mage began the quest for the Orb.
     0 | D:1      | Reached XP level 1. HP: 10/10 MP: 3/3
   378 | D:1      | Reached XP level 2. HP: 15/15 MP: 3/5
   425 | D:1      | Learned a level 2 spell: Poisonous Vapours
   824 | D:1      | Reached skill level 1 in Transmutations
   932 | D:1      | Reached XP level 3. HP: 19/19 MP: 2/6
   936 | D:1      | Learned a level 3 spell: Mephitic Cloud
  1454 | D:1      | Found a faded altar of an unknown god.
  1915 | D:2      | Noticed Sigmund
  1959 | D:1      | Reached XP level 4. HP: 5/24 MP: 2/7
  2217 | D:2      | Killed Sigmund
  2218 | D:2      | Reached skill level 1 in Short Blades
  2218 | D:2      | Reached skill level 4 in Poison Magic
  2218 | D:2      | Reached XP level 5. HP: 17/28 MP: 1/9
  2488 | D:2      | Reached XP level 6. HP: 32/32 MP: 10/10
  2844 | D:3      | Learned a level 4 spell: Olgreb's Toxic Radiance
  2970 | D:3      | Noticed Robin
  2981 | D:3      | Killed Robin
  3409 | D:3      | Found an ancient bone altar of Kikubaaqudgha.
  4134 | D:4      | Noticed a sky beast
  4156 | D:4      | Killed a sky beast
  4157 | D:4      | Reached skill level 1 in Air Magic
  4157 | D:4      | Reached XP level 7. HP: 37/37 MP: 6/12
  4657 | D:4      | Noticed a hornet
  4714 | D:4      | Gained mutation: Your body sometimes deteriorates upon
                  | taking damage. [potion of mutation]
  4714 | D:4      | Gained mutation: You are frail. (-10% HP) [potion of
                  | mutation]
  4719 | D:4      | Killed a hornet
  4720 | D:4      | Reached skill level 1 in Fighting
  4720 | D:4      | Reached skill level 5 in Poison Magic
  4946 | D:4      | Found Sut Nus's Assorted Antiques.
  4952 | D:4      | Bought a scroll of identify for 42 gold pieces
  4952 | D:4      | Bought a scroll of identify for 42 gold pieces
  5149 | D:5      | Entered Level 5 of the Dungeon
  5412 | D:5      | Reached XP level 8. HP: 38/38 MP: 9/14
  5487 | D:5      | Found a staircase to the Ecumenical Temple.
  5510 | Temple   | Entered the Ecumenical Temple
  5840 | Temple   | Became a worshipper of Vehumet
  6202 | D:5      | Reached skill level 5 in Spellcasting
  6972 | D:6      | Reached skill level 1 in Conjurations
  7461 | D:6      | Found a hazy altar of Hepliaklqana.
  7712 | D:6      | Found a bloodstained altar of Trog.
  7939 | D:6      | Reached skill level 6 in Poison Magic
  7939 | D:6      | Reached XP level 9. HP: 38/43 MP: 4/17
  8266 | D:7      | Noticed Harold
  8289 | D:7      | Slain by Harold

Illustrated notes

Levels and vault maps discovered:
D:1:      dpeg_arrival_oval, layout_basic,
          shapermc_ecumenical_altar_mp_urbaneastern, serial_bayou,
          serial_bayou_pond_b, serial_bayou_pond_a, serial_bayou_shore_b,
          serial_bayou_pond_b, kennysheep_pointless_box
D:2:      layout_loops_ring, minmay_unequal, uniq_sigmund
D:3:      layout_loops_ring, kiku_gazebo_garden_becter, palyth_stone_intersect,
          uniq_robin
D:4:      layout_gridville, serial_shops, shop_fountains, roderic_lattice_a,
          minmay_bent
D:5:      layout_gridville, minmay_temple_entry_statues_fountains
D:6:      layout_basic, nicolae_hepliaklqana_hazy_memory, amcnicky_altar_gilded
D:7:      layout_basic, serial_corexii_hall, corexii_hall_statues_u,
          chequers_hall_statues_wall_a, corexii_hall_statues_l, uniq_harold,
          uniq_crazy_yiuf_cottage
Temple:   lightli_temple_of_artemis

Skill      XL: |  1  2  3  4  5  6  7  8 |
---------------+-------------------------+-----
Transmutations | 1 2 |  2.8
Short Blades   | 1 2 3 |  3.2
Stealth        | 3 4 |  4.1
Spellcasting   | 3 4 5 |  5.7
Poison Magic   | 4 5 6 |  6.0
Dodging        | 2 3 |  3.2
Air Magic      | 1 |  1.9
Fighting       | 1 2 |  2.2
Conjurations   | 1 |  1.2

Action                   |  1- 3 |  4- 6 |  7- 9 || total
-------------------------+-------+-------+-------++-------
Melee: Club              |     5 |       |       ||     5
       Short sword       |     4 |       |       ||     4
       Dagger            |    32 |    79 |   113 ||   224
       Punch             |       |     1 |     4 ||     5
       Rapier            |       |       |    30 ||    30
 Cast: Sting             |    52 |    26 |    31 ||   109
       Mephitic Cloud    |     2 |     5 |    10 ||    17
       Poisonous Vapours |       |     8 |     8 ||    16
       Olgreb's Toxic Ra |       |     1 |     7 ||     8
  Use: Scroll            |     1 |     3 |     6 ||    10
       Potion            |       |       |     3 ||     3
 Stab: Sleeping          |     5 |     3 |     4 ||    12
       Confused          |       |     3 |       ||     3
Armor: Robe              |    24 |    22 |    75 ||   121
Dodge: Dodged            |    45 |    26 |    88 ||   159
